 Dungeon Crawl Stone Soup version 0.29.1-13-g9f3cf754e1 (webtiles) character file.

Game seed: 4152265815808013140

566 shadowmeld the Magician (level 7, -3/49 HPs)
             Began as a Djinni Ice Elementalist on Feb 2, 2023.
             Slain by Duvessa
             ... wielding a +1 short sword of freezing
              (17 damage)
             ... on level 4 of the Dungeon.
             The game lasted 00:22:48 (4060 turns).

shadowmeld the Magician (Djinni Ice Elementalist)   Turns: 4060, Time: 00:22:48

Health: -3/49      AC:  9    Str:  7    XL:     7   Next: 59%
Gold:   76         EV: 21    Int: 18    God:
                   SH:  0    Dex: 19

rFire   . . .      SeeInvis .   (weapon currently unavailable)
rCold   . . .      Faith    .   (shield currently unavailable)
rNeg    . . .      Spirit   .   (body armour currently unavailable)
rPois   ∞          Reflect  .   (helmet currently unavailable)
rElec   .          Harm     .   (cloak currently unavailable)
rCorr   .          Rampage  .   (gloves currently unavailable)
Will    .....                   (boots unavailable)
Stlth   ++........              (no amulet)
HPRegen 0.16/turn               (no ring)
MPRegen 0.00/turn               (no ring)

@: ice-armoured, spider-form, freezing walls, flying, very slightly contaminated
A: venomous fangs, flying, sickness immunity, tiny, (fire resistance 2), (cold
vulnerability 1), float, innate caster, HP casting, extra vitality 1
a: End Transformation


You were on level 4 of the Dungeon.
You were a venomous arachnid creature.
You visited 1 branch of the dungeon, and saw 4 of its levels.

You collected 211 gold pieces.
You spent 135 gold pieces at shops.

Inventory:

Hand Weapons
 h - a +0 battleaxe (melded)
Missiles
 m - 7 poisoned darts
Armour
 a - a +0 robe
 b - a +2 helmet (melded)
 c - a +3 ring mail
 r - a +1 leather armour of fire resistance (melded)
 t - a +0 cloak (melded)
Wands
 q - a wand of digging (8)
Scrolls
 d - a scroll of poison
 e - a scroll of butterflies
 f - 4 scrolls of magic mapping
 i - 2 scrolls of teleportation {unknown}
 n - 2 scrolls of enchant armour
Potions
 j - a potion of brilliance
 k - 3 potions of curing {unknown}
 l - a potion of berserk rage
 o - 2 potions of attraction {unknown}
 s - a potion of degeneration {unknown}
 u - a potion of heal wounds {unknown}


   Skills:
 * Level 2.1 Fighting
 - Level 0.1 Throwing
 + Level 1.2 Armour
 * Level 3.5 Dodging
 - Level 1.5 Stealth
 * Level 5.9 Spellcasting


You couldn't memorise any spells.
You knew the following spells:

 Your Spells              Type           Power      Damage    Failure   Level
a - Freeze                Ice            100%       1d11      5%          1
b - Frozen Ramparts       Ice            52%        1d8       11%         3
c - Ozocubu's Armour      Ice            26%        N/A       11%         3
d - Hailstorm             Conj/Ice       26%        3d7       26%         4
e - Apportation           Tloc           52%        N/A       5%          1
f - Poisonous Vapours     Pois/Air       52%        N/A       7%          2
g - Spider Form           Tmut/Pois      26%        N/A       11%         3
Your spell library was empty.

Dungeon Overview and Level Annotations

Branches:
Dungeon (4/15)
 Temple: D:4-7

Altars:
Gozag
Trog

Shops:
D:2 [   D:3 *

Annotations:
D:4 Duvessa


Innate Abilities, Weirdness & Mutations

You are a venomous arachnid creature.
You have poisonous fangs.
You are tiny and dextrous.
You are flying.
Your spellcasting is less reliable in this form.
Your armour is entirely melded.
You are incapable of wielding weapons or throwing items.
You are immune to sickness and miasma.
You are immune to poison.
((Your flesh is very heat resistant. (rF++)))
((You are vulnerable to cold. (rC-)))
You float through the air rather than walking.
You learn spells naturally, not from books.
Your magical power is your life essence.
You have superior vitality. (+4 MHP)


Message History

Duvessa is heavily wounded.
Duvessa misses you.
Your icy armour will break if you move.
Continue? [Y]es or [N]o only, please.
Your icy armour will break if you move.
Continue? [Y]es or [N]o only, please.
Your icy armour will break if you move.
Continue? [Y]es or [N]o only, please.
Your icy armour will break if you move.
Continue? [Y]es or [N]o only, please.
Your icy armour will break if you move.
Continue? [Y]es or [N]o only, please.
Your icy armour will break if you move.
Continue?
Okay, then.
Casting: Ozocubu's Armour (dangerous; 11% risk of failure)
Confirm with . or Enter, or press ? or * to list all spells.
Casting: Frozen Ramparts (dangerous; 11% risk of failure)
Press: ? - help, Dir - look around, f - activate A rock wall.
The walls around you are covered in ice.
The wall freezes Dowan!
Dowan gestures at Duvessa while chanting.
Duvessa seems to speed up.
A jelly comes into view.
The wall freezes Duvessa.
Duvessa hits you with a +1 short sword of freezing!
Duvessa freezes you.
* * * LOW HITPOINT WARNING * * *
You hit Duvessa.
Duvessa is almost dead.
The wall freezes Duvessa.
Duvessa misses you.
The wall freezes Dowan.
You kill Dowan!
Duvessa screams, "No!
How DARE you!"
Duvessa goes berserk!
The wall freezes Duvessa.
Duvessa hits you but does no damage.
You barely miss Duvessa.
Duvessa is almost dead.
The wall freezes Duvessa but does no damage.
Duvessa hits you with a +1 short sword of freezing!
You die...

......... .........
......... #........
......... #........
#........ .g.
....######)....##.
...##...##..se........
........#.....|.......
#................J....
#.....................
.......................
......................
.........#>.......##.. #
...#.....)##....##......
###..#......>.#.......#).#


You could see Duvessa (berserk, fast, extremely poisoned) and a jelly.

Vanquished Creatures
  Sigmund (D:3)
  A scorpion (D:4)
  Dowan (D:4)
  A vampire bat (D:4)
  2 orc priests (D:3)
  3 gnolls (D:4)
  2 adders
  A worm (D:3)
  2 dart slugs
  3 fire bats (D:4)
  3 orcs (D:3)
  2 spectral bats (D:4)
  3 bat skeletons (D:4)
  A bat zombie (D:4)
  4 endoplasms
  3 giant cockroaches
  4 hobgoblins
  2 jackals (D:3)
  4 quokkas
  6 ball pythons
  12 bats
  A bat simulacrum (D:4)
  A frilled lizard (D:3)
  5 goblins
  5 kobolds
  5 rats
78 creatures vanquished.

Notes
Turn   | Place    | Note
-------+----------+-------------------------------------------
     0 | D:1      | shadowmeld the Djinni Ice Elementalist began the quest for
                  | the Orb.
     0 | D:1      | shadowmeld set off with the following spells memorised:
                  | Freeze, Frozen Ramparts, Ozocubu's Armour, Hailstorm.
     0 | D:1      | Reached XP level 1. HP: 15/15 MP: 0/0
   252 | D:1      | Reached XP level 2. HP: 17/21 MP: 0/0
  1328 | D:2      | Reached XP level 3. HP: 18/26 MP: 0/0
  1328 | D:2      | Learned a level 1 spell: Apportation
  1635 | D:2      | Reached skill level 1 in Fighting
  2087 | D:2      | Reached skill level 4 in Spellcasting
  2238 | D:2      | Found Ysef's Antique Armour Shop.
  2244 | D:2      | Bought a runed leather armour for 75 gold pieces
  2298 | D:3      | Found an opulent altar of Gozag.
  2308 | D:3      | Found Enualiak's General Store.
  2343 | D:3      | Noticed Sigmund
  2392 | D:3      | Reached XP level 4. HP: 28/32 MP: 0/0
  2531 | D:3      | Reached XP level 5. HP: 20/37 MP: 0/0
  2531 | D:3      | Learned a level 2 spell: Poisonous Vapours
  2570 | D:3      | Found a bloodstained altar of Trog.
  3110 | D:3      | Bought a scroll of identify for 20 gold pieces
  3110 | D:3      | Bought a scroll of identify for 20 gold pieces
  3153 | D:3      | Killed Sigmund
  3154 | D:3      | Reached skill level 5 in Spellcasting
  3154 | D:3      | Reached XP level 6. HP: 37/43 MP: 0/0
  3314 | D:3      | Bought a scroll of identify for 20 gold pieces
  3374 | D:4      | Reached XP level 7. HP: 18/48 MP: 0/0
  3374 | D:4      | Learned a level 3 spell: Spider Form
  3606 | D:4      | Reached skill level 1 in Armour
  4039 | D:4      | Noticed Dowan
  4049 | D:4      | Noticed Duvessa
  4059 | D:4      | Killed Dowan
  4060 | D:4      | Slain by Duvessa

Illustrated notes

Levels and vault maps discovered:
D:1:      dpeg_arrival_boxes_within_box, layout_basic
D:2:      layout_loops_ring, serial_shops, nicolae_shop_crystal
D:3:      layout_loops_ring, grunt_gozag_statues, amcnicky_altar_gilded,
          trog_three_pillars_becter, serial_shops, shop, uniq_sigmund
D:4:      layout_cave_pools, nicolae_tso_besieged_by_evil, grunt_qazlal_clouds,
          nicolae_ru_awakened_eye, minmay_temple_entry_overgrown,
          kennysheep_donut, goddamned_bats, uniq_duvessa

Skill      XL: |  1  2  3  4  5  6  7 |
---------------+----------------------+-----
Fighting       | 1 2 |  2.1
Spellcasting   | 4 5 |  5.9
Dodging        | 3 |  3.5
Armour         | 1 |  1.2
Throwing       | |  0.1
Stealth        | |  1.5

Action                   |  1- 3 |  4- 6 |  7- 9 || total
-------------------------+-------+-------+-------++-------
Melee: Battleaxe         |     1 |     1 |       ||     2
       Unarmed           |       |       |    25 ||    25
Throw: Dart              |       |     4 |       ||     4
 Cast: Freeze            |    56 |    34 |     8 ||    98
       Frozen Ramparts   |       |     3 |     9 ||    12
       Spider Form       |       |       |     4 ||     4
       Poisonous Vapours |       |       |     4 ||     4
       Ozocubu's Armour  |       |       |     1 ||     1
  Use: Scroll            |       |     7 |       ||     7
Armor: Robe              |     3 |       |       ||     3
       Leather armour    |     2 |     7 |     8 ||    17
       Skin              |       |       |    10 ||    10
Dodge: Dodged            |    15 |    11 |    78 ||   104
